 Dungeon Crawl Stone Soup version 0.26-a0-812-g31a745ddcd (webtiles) character file.

Game seed: 13537753899743550121

61 Lanoc the Vandal (level 4, -2/29 HPs)
             Began as a Halfling Arcane Marksman on Nov 18, 2020.
             Slain by an orc
             ... wielding a +0 dagger
              (6 damage)
             ... on level 3 of the Dungeon.
             The game lasted 00:01:46 (1427 turns).

Lanoc the Vandal (Halfling Arcane Marksman)         Turns: 1427, Time: 00:01:46

Health: -2/29      AC:  2    Str: 11    XL:     4   Next: 27%
Magic:  5/5        EV: 15    Int: 11    God:
Gold:   72         SH:  0    Dex: 15    Spells: 4/5 levels left

rFire    . . .     SeeInvis .   a - +0 hunting sling
rCold    . . .     Faith    .   (shield restricted)
rNeg     . . .     Spirit   .   e - +0 robe
rPois    .         Reflect  .   (no helmet)
rElec    .         Harm     .   (no cloak)
rCorr    .         Rampage  .   (no gloves)
MR       .....                  (no boots)
Stlth    +.........             (no amulet)
HPRegen  0.09/turn              (no ring)
MPRegen  0.09/turn              (no ring)

@: no status effects
A: small, mutation resistance 1
a: no special abilities


You were on level 3 of the Dungeon.
You visited 1 branch of the dungeon, and saw 3 of its levels.

You collected 72 gold pieces.

Inventory:

Hand Weapons
 a - a +0 hunting sling (weapon)
Missiles
 d - 15 sling bullets
 f - 10 stones (quivered)
Armour
 e - a +0 robe (worn)
Scrolls
 b - a scroll of teleportation {unknown}
 c - 3 scrolls of identify {unknown}
 g - a scroll of remove curse {unknown}
 h - a scroll of enchant armour {unknown}
 j - a scroll of blinking {unknown}
Potions
 i - a potion of flight {unknown}
 k - a potion of attraction {unknown}


   Skills:
 + Level 1.7 Fighting
 * Level 4.9 Slings
 + Level 2.9 Dodging
 - Level 1.0 Spellcasting
 - Level 2.4 Hexes


You had 4 spell levels left.
You knew the following spells:

 Your Spells              Type           Power        Failure   Level
a - Corona                Hex            #......      12%         1

Your spell library contained the following spells:

 Spells                   Type           Power        Failure   Level
 Slow                     Hex            #.......     19%         2
 Inner Flame              Hex/Fire       #.......     52%         3
 Portal Projectile        Hex/Tloc       #.....       52%         3
 Cause Fear               Hex            #.........   77%         4
 Leda's Liquefaction      Hex/Erth       #.........   89%         4


Dungeon Overview and Level Annotations

Branches:
Dungeon (3/15)

Altars:
Fedhas
The Shining One


Innate Abilities, Weirdness & Mutations

You are small and have problems with some larger weapons.
You are somewhat resistant to further mutation.


Message History

The plant begins to die.
The plant is lightly damaged.
An orc priest comes into view. It is wielding a +0 club.
The orc hits you but does no damage.
You shoot a stone. The stone hits the orc.
The orc is severely wounded.
A nearby plant withers and dies.
The orc priest invokes the aid of Beogh against you.
Beogh smites you! The orc barely misses you.
You shoot a stone. The stone completely misses the orc.
The stone hits the plant but does no damage.
The plant is lightly damaged.
The orc priest mumbles some strange prayers to Beogh against you.
Beogh smites you!
* * * LOW HITPOINT WARNING * * *
The orc hits you with a +0 dagger.
* * * LOW HITPOINT WARNING * * *
The orc priest calls upon Beogh to heal the orc.
The orc's wounds heal themselves!
The orc hits you with a +0 dagger.
You die...

#.###....##.#.# ##.#
####†##.#.# ###
#......#.##
#.###.....######## #.
#............#
#.###.....####.#.# ##.
#......#.#.#.#.#.#
.....#######.......[....
.P.P..o@.# #.#.#.#.#.#.#
.._..(##.###...^........
.P.(. #.....#>#.#.#.#.#
...o #<..###########.#
.#. #........# ..# ..
##...###.... ... # #..##
#. ## #..# #..#


You could see an orc priest and an orc.

Vanquished Creatures
  2 adders (D:3)
  2 dart slugs
  2 leopard geckos
  2 giant cockroaches
  6 goblins
  6 hobgoblins
  3 jackals (D:3)
  3 kobolds
  2 ball pythons (D:3)
  3 bats
  2 rats
33 creatures vanquished.

Vanquished Creatures (others)
  A plant (D:3)
1 creature vanquished.

Grand Total: 34 creatures vanquished

Notes
Turn   | Place    | Note
-------+----------+-------------------------------------------
     0 | D:1      | Lanoc the Halfling Arcane Marksman began the quest for the
                  | Orb.
     0 | D:1      | Reached XP level 1. HP: 12/12 MP: 2/2
    66 | D:1      | Reached skill level 1 in Fighting
   154 | D:1      | Reached XP level 2. HP: 18/18 MP: 3/3
   228 | D:1      | Found a glowing golden altar of the Shining One.
   730 | D:1      | Reached skill level 4 in Slings
   732 | D:1      | Reached XP level 3. HP: 23/23 MP: 4/4
   964 | D:3      | Reached XP level 4. HP: 8/29 MP: 5/5
  1420 | D:3      | Found a blossoming altar of Fedhas.
  1427 | D:3      | Slain by an orc

Illustrated notes

Levels and vault maps discovered:
D:1:      minmay_arrival_up_and_down, layout_loops_corners,
          minmay_misc_feat_square, minivault_24, tso_metal_star
D:2:      layout_basic, zin_statuary, uniq_sigmund, uniq_jessica
D:3:      layout_loops_ring, fedhas_altar_1, minmay_door_square, st_stairs_13

Skill      XL: |  1  2 |
---------------+-------+-----
Fighting       | 1 |  1.7
Slings         | 4 |  4.9
Dodging        | |  2.9
Spellcasting   | |  1.0
Hexes          | |  2.4

Action                   |  1- 3 |  4- 6 || total
-------------------------+-------+-------++-------
 Fire: Hunting sling     |    96 |    23 ||   119
Armor: Robe              |     2 |     1 ||     3
Dodge: Dodged            |    28 |     5 ||    33

Table legend: (Time is in decaauts)
 A = Elapsed time spent in this place.
 B = Non-inter-level travel time spent in this place.
 C = Inter-level travel time spent in this place.
 D = Time resting spent in this place.
 E = Time spent auto-exploring this place.
 F = Levels seen in this place.
 G = Mean time per level.
                   A        B        C        D        E       F      G
               +--------+--------+--------+--------+--------+-----+--------+
         Total |   1425 |   1398 |     27 |      0 |   1198 |   3 |  475.0 |
       Dungeon |   1425 |   1398 |     27 |      0 |   1198 |   3 |  475.0 |
               +--------+--------+--------+--------+--------+-----+--------+

Top non-repeatable levels by time:
     D:1: 758 daAuts
     D:3: 557 daAuts
     D:2: 109 daAuts
